 Dungeon Crawl Stone Soup version 0.32-a0-732-ga344392067 (webtiles) character file.

Game seed: 16181158541131076690

89 gimp the Magician (level 4, -3/21 HPs)
             Began as a Spriggan Earth Elementalist on Mar 16, 2024.
             Slain by a gnoll
             ... wielding a +0 club
              (9 damage)
             ... on level 2 of the Dungeon.
             The game lasted 00:02:05 (1258 turns).

gimp the Magician (Spriggan Earth Elementalist)     Turns: 1258, Time: 00:02:06

Health: -3/21      AC:  2    Str:  4    XL:     4   Next: 31%
Magic:  2/11       EV: 16    Int: 18    God:
Gold:   29         SH:  0    Dex: 15    Spells: 7/11 levels left

rFire   . . .        (weapon restricted)
rCold   . . .        (no shield)
rNeg    . . .        a - +0 robe
rPois   .            (helmet restricted)
rElec   .            (no cloak)
rCorr   .            (gloves unavailable)
SInv    +            (boots unavailable)
Will    .....        (no amulet)
Stlth   ++           (no ring)
HPRegen 0.23/turn    (no ring)
MPRegen 0.12/turn

%: no passive effects
@: very slightly contaminated, very quick
A: very small, no large weapons, unfitting armour, see invisible, speed 3
a: no special abilities


You were on level 2 of the Dungeon.
You visited 1 branch of the dungeon, and saw 2 of its levels.

You collected 29 gold pieces.

Inventory:

Armour
 a - a +0 robe (worn)
Jewellery
 e - a +6 ring of intelligence
Scrolls
 c - a scroll of poison {unknown}
 f - a scroll of revelation {unknown}
 g - a scroll of enchant weapon {unknown}
 i - a scroll of fear {unknown}
Potions
 b - a potion of magic
 d - 2 potions of cancellation {unknown}
 h - 2 potions of berserk rage {unknown}


   Skills:
 - Level 2.6 Dodging
 - Level 3.0 Stealth
 * Level 4.4 Spellcasting
 + Level 1.5 Conjurations
 + Level 3.2 Earth Magic


You had 7 spell levels left.
You knew the following spells:

 Your Spells              Type           Power      Damage    Failure   Level
a - Sandblast             Erth           30%        2d9       3%          1
b - Stone Arrow           Conj/Erth      24%        3d8       16%         3

Your spell library contained the following spells:

 Spells                   Type           Power      Damage    Failure   Level
 Passwall                 Erth           15%        N/A       11%         3
 Brom's Barrelling Bould  Conj/Erth      12%        2d4       45%         4
 Petrify                  Alch/Erth      9%         N/A       56%         4


Dungeon Overview and Level Annotations

Branches:
Dungeon (2/15)

Altars:


Innate Abilities, Weirdness & Mutations

You are very small and have problems with some larger weapons.
You are too small for most types of armour.
You have supernaturally acute eyesight. (SInv)
You cover ground extremely quickly. (Speed+++)


Message History

The gnoll shouts!
Casting: Sandblast (safe; 3% risk of failure)
Confirm with . or Enter, or press ? or * to list all spells.
You can't see any susceptible monsters within range! (Use Z to cast anyway.)
A gnoll is nearby!
A quokka comes into view.
Casting: Sandblast (safe; 3% risk of failure)
Confirm with . or Enter, or press ? or * to list all spells.
Aiming: Sandblast (safe; 3% risk of failure)
Press: ? - help, Shift-Dir - straight line, f - gnoll
Aim: a gnoll, wielding a +0 spear (84% to hit)
The blast of sand hits the gnoll.
The gnoll is heavily wounded.
You now have 9/11 mp.
Casting: Sandblast (safe; 3% risk of failure)
Confirm with . or Enter, or press ? or * to list all spells.
Aiming: Sandblast (safe; 3% risk of failure)
Press: ? - help, Shift-Dir - straight line, f/p - gnoll
Aim: a gnoll, wielding a +0 spear (heavily wounded, 84% to hit)
The blast of sand hits the gnoll.
The gnoll is almost dead.
The gnoll misses you.
You now have 8/11 mp.
Casting: Sandblast (safe; 3% risk of failure)
Confirm with . or Enter, or press ? or * to list all spells.
Aiming: Sandblast (safe; 3% risk of failure)
Press: ? - help, Shift-Dir - straight line, f/p - gnoll
Aim: a gnoll, wielding a +0 spear (almost dead, 84% to hit)
You miscast Sandblast.
You are very lightly contaminated with residual magic.
Nothing appears to happen.
The gnoll shouts!
The gnoll misses you.
You now have 7/11 mp.
Casting: Sandblast (safe; 3% risk of failure)
Confirm with . or Enter, or press ? or * to list all spells.
Aiming: Sandblast (safe; 3% risk of failure)
Press: ? - help, Shift-Dir - straight line, f/p - gnoll
Aim: a gnoll, wielding a +0 spear (almost dead, 84% to hit)
The blast of sand hits the gnoll.
The gnoll is almost dead.
The gnoll hits you from afar with a +0 spear.
The gnoll barely misses you.
You take 4 damage, and have 17/21 hp.
Casting: Sandblast (safe; 3% risk of failure)
Confirm with . or Enter, or press ? or * to list all spells.
Aiming: Sandblast (safe; 3% risk of failure)
Press: ? - help, Shift-Dir - straight line, f/p - gnoll
Aim: a gnoll, wielding a +0 spear (almost dead, 84% to hit)
You miscast Sandblast.
Nothing appears to happen.
The gnoll barely misses you.
You now have 6/11 mp.
Casting: Sandblast (safe; 3% risk of failure)
Confirm with . or Enter, or press ? or * to list all spells.
Aiming: Sandblast (safe; 3% risk of failure)
Press: ? - help, Shift-Dir - straight line, f/p - gnoll
Aim: a gnoll, wielding a +0 spear (almost dead, 84% to hit)
The blast of sand hits the gnoll!
You kill the gnoll!
You now have 5/11 mp.
Casting: Sandblast (safe; 3% risk of failure)
Confirm with . or Enter, or press ? or * to list all spells.
Aiming: Sandblast (safe; 3% risk of failure)
Press: ? - help, Shift-Dir - straight line, f - gnoll
Aim: a gnoll, wielding a +0 club (84% to hit)
The blast of sand hits the gnoll!
The gnoll is severely wounded.
The gnoll hits you with a +0 club.
You take 4 damage, and have 13/21 hp.
You now have 4/11 mp.
Casting: Sandblast (safe; 3% risk of failure)
Confirm with . or Enter, or press ? or * to list all spells.
Aiming: Sandblast (safe; 3% risk of failure)
Press: ? - help, Shift-Dir - straight line, f/p - gnoll
Aim: a gnoll, wielding a +0 club (severely wounded, 84% to hit)
The blast of sand hits the gnoll but does no damage.
The gnoll is severely wounded.
The quokka closely misses you. The gnoll barely misses you.
The quokka closely misses you.
You now have 3/11 mp.
Casting: Sandblast (safe; 3% risk of failure)
Confirm with . or Enter, or press ? or * to list all spells.
Aiming: Sandblast (safe; 3% risk of failure)
Press: ? - help, Shift-Dir - straight line, f/p - gnoll
Aim: a gnoll, wielding a +0 club (severely wounded, 84% to hit)
The blast of sand hits the gnoll.
The gnoll is severely wounded.
The ball python hisses angrily.
The gnoll hits you with a +0 club. The quokka completely misses you.
The gnoll hits you but does no damage.
You take 5 damage, and have 8/21 hp.
MASSIVE DAMAGE!!
You now have 2/11 mp.
Casting: Sandblast (safe; 3% risk of failure)
Confirm with . or Enter, or press ? or * to list all spells.
Aiming: Sandblast (safe; 3% risk of failure)
Press: ? - help, Shift-Dir - straight line, f/p - gnoll
Aim: a gnoll, wielding a +0 club (severely wounded, 84% to hit)
The blast of sand hits the gnoll.
The gnoll is almost dead.
The quokka bites you.
* * * LOW HITPOINT WARNING * * *
The gnoll hits you with a +0 club!
You die...

..........#..)........##.S...<.#
.....................###.K.....#
##............).........g......#
...#.....##.........####.......#
.........##...####.....#.......#
.>..........#..>.)####...#.#.###
#....##....##.....##..........#
............#..rg.............#
..).....###.....@.)...........#
....##### ##......##.....#..#.#
....# ###.#### ### ....# #.#
....# #.# ###.# #.# #.## #..
#..# ####.#


You could see a gnoll and a quokka.

Vanquished Creatures
  A jelly (D:2)
  2 gnolls (D:2)
  A dart slug (D:2)
  5 endoplasms
  2 giant cockroaches
  5 hobgoblins
  3 quokkas
  3 ball pythons
  2 bats (D:2)
  2 frilled lizards (D:1)
  2 goblins
  6 kobolds
  6 rats
40 creatures vanquished.

Notes
Turn   | Place    | Note
-------+----------+-------------------------------------------
     0 | D:1      | gimp the Spriggan Earth Elementalist began the quest for
                  | the Orb.
     0 | D:1      | Reached XP level 1. HP: 9/9 MP: 5/5
   170 | D:1      | Reached skill level 3 in Spellcasting
   227 | D:1      | Found a faded altar of an unknown god.
   292 | D:1      | Reached XP level 2. HP: 13/13 MP: 2/7
   332 | D:1      | Reached skill level 1 in Conjurations
   873 | D:2      | Reached XP level 3. HP: 16/16 MP: 7/9
   988 | D:2      | Reached skill level 4 in Spellcasting
   988 | D:2      | Reached XP level 4. HP: 18/21 MP: 4/11
  1051 | D:2      | Learned a level 3 spell: Stone Arrow
  1258 | D:2      | Slain by a gnoll

Illustrated notes

Levels and vault maps discovered:
D:1:      dpeg_arrival_rhombi, layout_rooms, dreamdust_ecumenical_altar_grove
D:2:      layout_rooms

Skill      XL: |  1  2  3 |
---------------+----------+-----
Spellcasting   | 3 4 |  4.4
Conjurations   | 1 |  1.5
Earth Magic    | 3 |  3.2
Dodging        | |  2.6
Stealth        | |  3.0

Action                     |  1- 3 |  4- 6 || total
---------------------------+-------+-------++-------
  Melee: Unarmed           |     3 |       ||     3
   Cast: Sandblast         |    55 |    22 ||    77
 Armour: Robe              |     8 |     9 ||    17
  Dodge: Dodged            |    17 |    18 ||    35

Table legend: (Time is in decaauts)
 A = Elapsed time spent in this place.
 B = Non-inter-level travel time spent in this place.
 C = Inter-level travel time spent in this place.
 D = Time resting spent in this place.
 E = Time spent auto-exploring this place.
 F = Levels seen in this place.
 G = Mean time per level.
                   A        B        C        D        E       F      G
               +--------+--------+--------+--------+--------+-----+--------+
         Total |   1043 |    997 |     46 |     41 |    715 |   2 |  521.5 |
       Dungeon |   1043 |    997 |     46 |     41 |    715 |   2 |  521.5 |
               +--------+--------+--------+--------+--------+-----+--------+

Top non-repeatable levels by time:
     D:1: 688 daAuts
     D:2: 355 daAuts
